 Dungeon Crawl Stone Soup version 0.25.1-8-g42b30a86e7 (webtiles) character file.

Game seed: 3435216925585566998

149179 gruber the Frost Mage (level 17, -2/112 HPs)
             Began as an Octopode Ice Elementalist on Dec 14, 2020.
             Was the Champion of Vehumet.
             Slain by Jorgrun
             ... wielding a +0 vorpal quarterstaff
              (5 damage)
             ... while petrified by Jorgrun
             ... on level 1 of the Shoals on Dec 15, 2020.
             The game lasted 01:05:00 (41833 turns).

gruber the Frost Mage (Octopode Ice Elementalist)  Turns: 41833, Time: 01:05:01

Health: -2/112     AC:  1    Str:  7 (9)  XL:     17   Next: 50%
Magic:  31/43      EV: -1    Int: 22      God:    Vehumet [******]
Gold:   3806       SH:  0    Dex: 19 (21) Spells: 9/42 levels left

rFire    + . .     SeeInvis .   M - staff of cold
rCold    + + .     Gourm    .   (no shield)
rNeg     + + +     Faith    .   (helmet restricted)
rPois    ∞         Spirit   .   Z - amulet of regeneration
rElec    .         Reflect  .   K - ring of Free Expression {rPois rF+ rC+ Dex+2}
rCorr    +         Harm     .   p - +6 ring of dexterity
MR       ++...                  y - ring of magical power
Stlth    +++.......             B - ring of wizardry
HPRegen  0.68/turn              D - ring of wizardry
MPRegen  0.28/turn              J - ring of positive energy
                                T - ring of resist corrosion
                                U - ring of protection from magic

@: petrified, grasped by roots, no potions, constricted
A: almost no armour, stealthy swim, amphibious, 8 rings, constrict 8, camouflage
1, gelatinous body 1
a: Renounce Religion


You were on level 1 of the Shoals.
You worshipped Vehumet.
Vehumet was exalted by your worship.
You were not hungry.

You visited 6 branches of the dungeon, and saw 27 of its levels.
You also visited: Sewer and Ice Cave.

You collected 4709 gold pieces.
You spent 903 gold pieces at shops.

Inventory:

Hand Weapons
 q - a +2 spear of venom
 N - the +8 longbow "Zephyr" {speed, Dex+3 SInv}
   (You found it on level 9 of the Dungeon)

   Attacks with this weapon are significantly faster.
   It affects your dexterity (+3).
   It lets you see invisible.
Missiles
 c - 6 throwing nets (quivered)
 P - 337 arrows
Magical Staves
 M - an uncursed staff of cold (weapon)
 X - an uncursed staff of earth
Jewellery
 n - an uncursed ring of see invisible
 p - a +6 ring of dexterity (right tentacle)
 x - an uncursed ring of flight
 y - a ring of magical power (on tentacle)
 B - a ring of wizardry (on tentacle)
 D - a ring of wizardry (on tentacle)
 J - a ring of positive energy (on tentacle)
 K - the ring of Free Expression (left tentacle) {rPois rF+ rC+ Dex+2}
   (You bought it in a shop on level 12 of the Dungeon)

   [ring of poison resistance]

   It affects your dexterity (+2).
   It protects you from fire.
   It protects you from cold.
   It protects you from poison.
 T - a ring of resist corrosion (on tentacle)
 U - a ring of protection from magic (on tentacle)
 Z - an amulet of regeneration (around mantle)
Wands
 f - a wand of clouds (6)
 g - a wand of flame (16)
 G - a wand of iceblast (27)
 I - a wand of acid (21)
 L - a wand of polymorph (50)
 O - a wand of disintegration (21)
 W - a wand of paralysis (10)
Scrolls
 a - 6 scrolls of fear
 i - 4 scrolls of fog {unknown}
 j - a scroll of acquirement
 o - 18 scrolls of teleportation
 s - 5 scrolls of enchant weapon {unknown}
 u - 5 scrolls of remove curse
 v - 2 scrolls of blinking
 A - 6 scrolls of magic mapping
 C - a scroll of vulnerability
 R - 4 scrolls of silence
Potions
 d - 4 potions of stabbing
 e - 3 potions of berserk rage
 h - 5 potions of might
 k - 8 potions of haste
 l - 2 potions of invisibility
 m - 15 potions of curing
 r - 3 potions of brilliance
 t - 2 potions of magic
 w - 4 potions of ambrosia
 z - 5 potions of heal wounds
 E - 4 potions of flight
 Q - 3 potions of cancellation
 S - 3 potions of lignification
Miscellaneous
 V - a phial of floods
Comestibles
 b - 42 rations


   Skills:
 - Level 9.1 Fighting
 - Level 13.1 Bows
 - Level 13.3 Dodging
 - Level 2.6 Stealth
 - Level 13.1 Spellcasting
 - Level 6.7 Conjurations
 - Level 5.4 Summonings
 - Level 4.0 Translocations
 * Level 14.7 Ice Magic
 - Level 3.0 Air Magic
 - Level 3.0 Poison Magic
 - Level 2.6 Evocations


You had 9 spell levels left.
You knew the following spells:

 Your Spells              Type           Power        Failure   Level  Hunger
a - Freeze                Ice            ####         0%          1    None
b - Frozen Ramparts       Ice            ######       1%          3    None
c - Ozocubu's Armour      Chrm/Ice       ######..     1%          3    None
d - Hailstorm             Conj/Ice       #######.     1%          4    None
e - Summon Ice Beast      Ice/Summ       ######..     1%          4    None
f - Blink                 Tloc           N/A          1%          2    None
g - Mephitic Cloud        Conj/Pois/Air  ####....     1%          3    None
h - Ozocubu's Refrigerat  Ice            #######...   1%          6    #####..
i - Spellforged Servitor  Conj/Summ      #####.....   30%         7    ######.

Your spell library contained the following spells:

 Spells                   Type           Power        Failure   Level  Hunger
 Freezing Cloud           Conj/Ice/Air   ######....   3%          6    #####..
 Magic Dart               Conj           ####         1%          1    None
 Shock                    Conj/Air       ####         1%          1    None
 Call Imp                 Summ           #####...     1%          2    None
 Slow                     Hex            ##......     1%          2    None
 Swiftness                Chrm/Air       ###.....     1%          2    None
 Conjure Flame            Conj/Fire      ####....     1%          3    None
 Gell's Gravitas          Tloc           ####......   1%          3    None
 Static Discharge         Conj/Air       #####...     1%          3    None
 Airstrike                Air            ####......   1%          4    None
 Ice Form                 Ice/Tmut       ######..     1%          4    None
 Lightning Bolt           Conj/Air       #####.....   1%          5    ###....
 Metabolic Englaciation   Hex/Ice        ######....   1%          5    ###....
 Confusing Touch          Hex            ##......     3%          3    None
 Simulacrum               Ice/Necr       ######....   9%          6    #####..
 Petrify                  Tmut/Erth      ##......     12%         4    None
 Yara's Violent Unravell  Hex/Tmut       ##........   13%         5    ###....


Dungeon Overview and Level Annotations

Branches:
Dungeon (15/15)            Temple (1/1) D:6            Lair (6/6) D:10
 Shoals (1/4) Lair:4       Spider (2/4) Lair:3        Slime (0/5) Lair:5
    Orc (2/2) D:9             Elf (0/3) Orc:2        Vaults (0/5) D:13
 Depths (0/5) D:15          Sewer (visited)           IceCv (visited)

Altars:
Cheibriados
Dithmenos
Elyvilon
Fedhas
Gozag
Hepliaklqana
Kikubaaqudgha
Makhleb
Nemelex Xobeh
Okawaru
Qazlal
Ru
Sif Muna
Trog
Uskayaw
Vehumet
Wu Jian
Xom
Yredelemnul
Zin
The Shining One
Beogh
Jiyva

Shops:
D:4 *   D:9 !   D:11 =?   D:12 =   Orc:2 (*:[

Annotations:
Shoals:1 Jorgrun


Innate Abilities, Weirdness & Mutations

You cannot wear most types of armour.
You are very stealthy in the water. (Stealth+)
You are amphibious.
You can wear up to eight rings at the same time.
You can use your tentacles to constrict eight enemies at once.
Your skin changes colour to match your surroundings (Stealth+).
Your rubbery body absorbs attacks. (AC +1, EV +1)


Message History

The harpy claws you! x2; The harpy claws you.
The harpy claws you! Jorgrun gestures at you while chanting.
Roots burst forth from the earth!
The grasping roots grab you! The grasping roots constrict you!
The harpy claws you!!
* * * LOW HITPOINT WARNING * * *
The harpy claws you!
* * * LOW HITPOINT WARNING * * *
x2 The grasping roots constrict you!
The harpy claws you!
* * * LOW HITPOINT WARNING * * *
The harpy claws you.
* * * LOW HITPOINT WARNING * * *
The harpy claws you!
* * * LOW HITPOINT WARNING * * *
The harpy claws you.
* * * LOW HITPOINT WARNING * * *
A harpy comes into view.
Jorgrun hits you with a +0 vorpal quarterstaff!
You die...

##.≈≈≈≈≈≈≈≈≈≈ .
.≈≈≈≈≈≈≈.≈≈ ≈.
≈≈≈≈≈≈≈≈≈ ≈..
..≈≈.≈. ....
.....##
..≈≈.#..)..
.≈≈≈...g.#
.≈≈≈≈≈≈@.#
..≈≈≈≈≈H.#
..≈≈≈≈≈≈≈H!
.$≈≈≈≈≈≈≈≈..≈
.≈≈≈≈≈≈≈≈≈≈≈≈≈≈
.≈≈≈≈≈≈≈≈≈≈≈≈≈≈
...≈≈≈≈≈≈≈≈≈≈≈≈
..#..$≈≈≈≈≈≈≈≈H


You could see Jorgrun and 3 harpies.

Vanquished Creatures
  Kirke (D:12)
  A ghost moth (Spider:2)
  An orc warlord (Orc:2)
  2 blizzard demons (IceCv)
  Snorg (D:12)
  An ettin (Orc:1)
  2 fire dragons
  4 vault guards (D:13)
  Erolcha (D:12)
  A catoblepas (Lair:6)
  10 hydras
  An ice dragon (D:15)
  2 centaur warriors
  An anaconda (Lair:6)
  2 ogre magi (D:15)
  A tengu warrior (D:15)
  12 two-headed ogres
  3 orc high priests
  Nergalle (Lair:4)
  3 skeletal warriors (D:11)
  2 unseen horrors
  2 wizards (D:14)
  A swamp dragon (Lair:6)
  16 wolf spiders
  6 orb spiders
  2 deep elf magi
  3 orc sorcerers
  4 oklob plants
  6 orc knights
  11 ugly things
  4 elephants (Lair:4)
  Maurice (D:12)
  5 cyclopes
  6 black mambas
  4 manticores
  2 ice statues
  3 gargoyles
  3 torpor snails
  Psyche (D:9)
  Joseph (D:10)
  12 spiny frogs
  3 rime drakes
  2 freezing wraiths (IceCv)
  3 anaconda simulacra (IceCv)
  13 demonic crawlers
  12 komodo dragons
  4 ice devils (IceCv)
  Maggie (D:7)
  A merfolk (Shoals:1)
  5 trolls
  10 polar bears
  13 jumping spiders
  A wolf spider simulacrum (IceCv)
  3 hornets
  15 blink frogs
  A snapping turtle (Lair:4)
  4 dream sheep (Lair:6)
  6 hippogriffs
  A raiju (Lair:6)
  Sigmund (D:3)
  25 tarantellas
  A shadow (D:14)
  28 redbacks
  A wyvern (D:14)
  3 hogs (D:12)
  7 humans (D:13)
  3 wraiths
  20 yaks
  4 dire elephant simulacra (IceCv)
  2 death yak simulacra (IceCv)
  3 basilisks
  Menkaure (D:7)
  7 wargs
  6 harpy simulacra (IceCv)
  An iron troll simulacrum (IceCv)
  4 acid dragons (Lair:6)
  14 water moccasins
  14 hell hounds (Lair:6)
  5 porcupines
  A hydra simulacrum (IceCv)
  2 ice beasts
  An alligator simulacrum (IceCv)
  A swamp drake (Lair:6)
  2 phantoms
  7 black bears (Lair:6)
  37 orc warriors
  14 ogres
  17 crocodiles
  32 wolves
  A necrophage (D:9)
  9 centaurs
  A big kobold (Sewer)
  12 bullfrogs
  A gnoll sergeant (D:10)
  5 scorpions
  An elephant simulacrum (IceCv)
  11 killer bees
  4 wights (D:12)
  5 crimson imps
  6 howler monkeys
  3 electric eels
  A quasit (D:11)
  3 bullfrog skeletons
  A bullfrog zombie (D:12)
  3 centaur zombies
  11 hounds
  3 jellies
  A gnoll shaman (D:9)
  22 orc priests
  2 centaur skeletons
  26 orc wizards
  8 iguanas
  A hell rat (D:6)
  8 worker ants
  A polar bear simulacrum (IceCv)
  3 troll simulacra (IceCv)
  3 centaur simulacra (IceCv)
  A hound zombie (D:10)
  25 gnolls
  A howler monkey skeleton (D:8)
  24 adders
  2 naga simulacra (IceCv)
  2 ogre simulacra (IceCv)
  9 river rats (D:6)
  A shadow imp (D:9)
  6 white imps (IceCv)
  An ufetubus (IceCv)
  2 oozes
  An adder zombie (D:6)
  8 worms
  A dart slug (D:2)
  8 leopard geckos
  121 orcs
  5 ball pythons
  5 giant cockroaches
  7 goblins
  7 hobgoblins
  24 jackals
  3 quokkas
  4 bats
  4 frilled lizards
  14 kobolds
  21 rats
  14 plants
985 creatures vanquished.

Vanquished Creatures (collateral kills)
  Josephine (Lair:5)
  2 hydras
  2 two-headed ogres
  Sonja (D:10)
  3 ugly things
  2 elephants (Lair:4)
  A torpor snail (Spider:2)
  A gargoyle (D:10)
  A spiny frog (Lair:1)
  A rime drake (Lair:1)
  A demonic crawler (Spider:1)
  A komodo dragon (Lair:1)
  Prince Ribbit (D:9)
  3 blink frogs
  A hippogriff (Lair:2)
  2 redbacks
  2 wraiths
  9 yaks
  A basilisk (Lair:4)
  A porcupine (Lair:4)
  5 black bears
  2 ice beasts
  A wolf (Lair:5)
  A crocodile (Lair:2)
  A wyvern zombie (D:10)
  A bullfrog (D:6)
  A killer bee (D:10)
  A wyvern skeleton (D:15)
  2 crimson imps
  An adder (Lair:4)
  A naga simulacrum (IceCv)
  A white imp (IceCv)
55 creatures vanquished.

Vanquished Creatures (others)
  A human (D:13)
  6 white imps (IceCv)
  5 ufetubi (IceCv)
  13 fungi
  40 plants
65 creatures vanquished.

Grand Total: 1105 creatures vanquished

Notes
Turn   | Place    | Note
-------+----------+-------------------------------------------
     0 | D:1      | gruber the Octopode Ice Elementalist began the quest for
                  | the Orb.
     0 | D:1      | Reached XP level 1. HP: 11/11 MP: 3/3
   159 | D:1      | Reached XP level 2. HP: 16/17 MP: 5/5
   968 | D:2      | Reached skill level 5 in Ice Magic
   968 | D:2      | Reached XP level 3. HP: 18/21 MP: 3/6
   973 | D:2      | Learned a level 3 spell: Frozen Ramparts
  1118 | D:2      | Reached XP level 4. HP: 25/27 MP: 1/7
  1829 | D:2      | Found a stormy altar of Qazlal.
  1869 | D:2      | Reached skill level 6 in Ice Magic
  2277 | D:3      | Noticed Sigmund
  2294 | D:3      | Killed Sigmund
  2294 | D:3      | Reached skill level 7 in Ice Magic
  2294 | D:3      | Reached XP level 5. HP: 24/31 MP: 3/8
  2294 | D:3      | Reached XP level 6. HP: 28/36 MP: 3/9
  2421 | D:3      | Found an iron altar of Okawaru.
  3240 | D:3      | Found a glowing golden altar of the Shining One.
  3498 | D:4      | Reached skill level 8 in Ice Magic
  3501 | D:4      | Reached XP level 7. HP: 41/41 MP: 6/10
  4054 | D:4      | Reached skill level 9 in Ice Magic
  4173 | D:4      | Found Tozab's Assorted Antiques.
  4293 | D:4      | Learned a level 3 spell: Ozocubu's Armour
  4817 | D:5      | Entered Level 5 of the Dungeon
  4854 | D:5      | Reached XP level 8. HP: 43/46 MP: 13/13
  5241 | D:5      | Found a shimmering altar of Xom.
  5433 | D:4      | Learned a level 4 spell: Hailstorm
  5438 | D:4      | Learned a level 4 spell: Summon Ice Beast
  5658 | D:5      | Reached skill level 5 in Spellcasting
  6084 | D:5      | Learned a level 2 spell: Blink
  6603 | D:6      | Found a staircase to the Ecumenical Temple.
  6637 | Temple   | Entered the Ecumenical Temple
  6931 | D:6      | Found a glowing drain.
  6943 | Sewer    | Entered a sewer
  7091 | Sewer    | Found a white marble altar of Elyvilon.
  7205 | D:6      | Reached skill level 1 in Translocations
  7644 | D:6      | Reached XP level 9. HP: 51/51 MP: 14/18
  7694 | D:6      | Reached skill level 1 in Summonings
  7837 | D:6      | Found the +2 ratskin cloak {+Rats rPois rN+ Str-1 Int-1
                  | Dex+1}
  8538 | D:6      | Learned a level 3 spell: Mephitic Cloud
  8607 | D:7      | Found a shadowy altar of Dithmenos.
  8675 | D:7      | Found a snail-covered altar of Cheibriados.
  8709 | D:7      | Noticed Maggie
  8719 | D:7      | Killed Maggie
  8897 | D:7      | Noticed Menkaure
  8905 | D:7      | Killed Menkaure
  8905 | D:7      | Reached skill level 5 in Summonings
  9466 | D:7      | Found a radiant altar of Vehumet.
  9466 | D:7      | Found a glowing golden altar of the Shining One.
  9736 | D:7      | Became a worshipper of Vehumet
  9816 | D:7      | Reached skill level 1 in Air Magic
  9816 | D:7      | Reached skill level 1 in Poison Magic
  9816 | D:7      | Reached skill level 1 in Evocations
 10809 | D:8      | Found an ornate altar of the Wu Jian Council.
 11307 | D:8      | Noticed a troll
 11317 | D:8      | Killed a troll
 11317 | D:8      | Reached * piety under Vehumet
 11317 | D:8      | Offered knowledge of Sandblast by Vehumet.
 11317 | D:8      | Reached XP level 10. HP: 28/56 MP: 9/19
 11808 | D:9      | Noticed Psyche
 11811 | D:9      | Killed Psyche
 11811 | D:9      | Reached skill level 5 in Conjurations
 11913 | D:9      | Noticed Prince Ribbit
 11923 | D:9      | Killed Prince Ribbit
 12054 | D:9      | Noticed a two-headed ogre
 12061 | D:9      | Killed a two-headed ogre
 12164 | D:9      | Found the +8 longbow "Zephyr" {speed, Dex+3 SInv}
 12807 | D:9      | Reached skill level 1 in Bows
 13221 | D:9      | Found a staircase to the Orcish Mines.
 13255 | D:9      | Found Bullilud's Distillery.
 13267 | D:9      | Bought a potion of curing for 48 gold pieces
 13267 | D:9      | Bought 2 potions of heal wounds for 160 gold pieces
 13326 | D:9      | Found an opulent altar of Gozag.
 13326 | D:9      | Found a glowing silver altar of Zin.
 13329 | D:9      | Reached ** piety under Vehumet
 13424 | D:10     | Entered Level 10 of the Dungeon
 13431 | D:10     | Offered knowledge of Foxfire by Vehumet.
 13749 | D:10     | Found a staircase to the Lair.
 13845 | D:10     | Reached skill level 5 in Bows
 14053 | D:10     | Noticed a gargoyle
 14063 | D:10     | Killed a gargoyle
 14182 | D:10     | Noticed Sonja
 14361 | D:10     | Killed Sonja
 14361 | D:10     | Reached XP level 11. HP: 13/61 MP: 10/20
 14681 | D:10     | Noticed Joseph
 14699 | D:10     | Killed Joseph
 14949 | D:10     | Offered knowledge of Stone Arrow by Vehumet.
 15429 | Lair:1   | Entered Level 1 of the Lair of Beasts
 15429 | Lair:1   | Noticed an eight-headed hydra
 15439 | Lair:1   | Killed an eight-headed hydra
 17178 | Lair:1   | Reached skill level 10 in Bows
 17432 | Lair:2   | Noticed an eight-headed hydra
 17490 | Lair:2   | Reached *** piety under Vehumet
 17587 | Lair:2   | Killed an eight-headed hydra
 18155 | Lair:2   | Reached XP level 12. HP: 51/66 MP: 7/21
 19251 | Lair:3   | Offered knowledge of Airstrike by Vehumet.
 19494 | Lair:3   | Found a hole to the Spider Nest.
 20719 | Lair:4   | Reached skill level 1 in Fighting
 21023 | Lair:4   | Noticed a six-headed hydra
 21026 | Lair:4   | Noticed Nergalle
 21030 | Lair:4   | Killed a six-headed hydra
 21358 | Lair:3   | Reached XP level 13. HP: 90/90 MP: 22/22
 21425 | Lair:4   | Killed Nergalle
 21579 | Lair:4   | Reached **** piety under Vehumet
 21700 | Lair:4   | Offered knowledge of Iskenderun's Mystic Blast by Vehumet.
 21832 | Lair:4   | Reached skill level 5 in Dodging
 22181 | Lair:4   | Reached XP level 14. HP: 89/97 MP: 23/23
 22464 | Lair:4   | Found a staircase to the Shoals.
 22880 | Lair:5   | Noticed Josephine
 23216 | Lair:5   | Killed Josephine
 23713 | Lair:5   | Found a viscous altar of Jiyva.
 23713 | Lair:5   | Found a staircase to the Slime Pits.
 23811 | Lair:6   | Entered Level 6 of the Lair of Beasts
 23937 | Lair:6   | Reached ***** piety under Vehumet
 23983 | Lair:6   | Offered knowledge of Fireball by Vehumet.
 24078 | Lair:6   | Reached skill level 10 in Dodging
 25507 | Lair:6   | Offered knowledge of Ozocubu's Refrigeration by Vehumet.
 25934 | Lair:6   | Reached XP level 15. HP: 54/101 MP: 13/24
 26933 | Lair:5   | Learned a level 6 spell: Ozocubu's Refrigeration
 27086 | Orc:1    | Entered Level 1 of the Orcish Mines
 27328 | Orc:2    | Entered Level 2 of the Orcish Mines
 27403 | Orc:2    | Found a staircase to the Elven Halls.
 27474 | Orc:2    | Offered knowledge of Orb of Destruction by Vehumet.
 27723 | Orc:2    | Found a roughly hewn altar of Beogh.
 27728 | Orc:2    | Noticed an orc warlord
 27736 | Orc:2    | Killed an orc warlord
 27829 | Orc:2    | Found Kiytaeta's Book Emporium.
 27832 | Orc:2    | Found Qig Sys's Antique Armour Emporium.
 27838 | Orc:2    | Found Jeni's Antique Weapon Emporium.
 27875 | Orc:2    | Found Iruryroa's General Store.
 29074 | D:11     | Found Doinazo's Jewellery Shop.
 29303 | D:11     | Offered knowledge of Iskenderun's Battlesphere by Vehumet.
 29345 | D:11     | Identified a scroll of acquirement
 29346 | D:11     | Acquired 1520 gold pieces
 29446 | D:11     | Reached skill level 10 in Spellcasting
 29626 | D:11     | Found Titroih's Magic Scroll Boutique.
 29992 | D:12     | Noticed Snorg
 30012 | D:12     | Killed Snorg
 30327 | D:12     | Noticed Maurice
 30336 | D:12     | Killed Maurice
 30538 | D:12     | Found Yfoxza Lunu's Jewellery Shoppe.
 30541 | D:12     | Bought a cursed ring of teleportation for 63 gold pieces
 30542 | D:12     | Bought the ring of Free Expression {rPois rF+ rC+ Dex+2}
                  | for 632 gold pieces
 30591 | D:12     | Noticed Kirke
 30603 | D:12     | Killed Kirke
 30755 | D:12     | Noticed Erolcha
 30774 | D:12     | Killed Erolcha
 31380 | D:13     | Reached XP level 16. HP: 88/108 MP: 31/31
 32691 | D:13     | Reached ****** piety under Vehumet
 32921 | D:13     | Found a gate to the Vaults.
 34515 | D:15     | Entered Level 15 of the Dungeon
 34528 | D:15     | Offered knowledge of Spellforged Servitor by Vehumet.
 34939 | D:15     | Reached skill level 10 in Ice Magic
 35151 | D:15     | Reached skill level 11 in Ice Magic
 35258 | D:15     | Learned a level 7 spell: Spellforged Servitor
 35782 | D:15     | Found a staircase to the Depths.
 35980 | Spider:1 | Entered Level 1 of the Spider Nest
 36021 | Spider:1 | Reached skill level 12 in Ice Magic
 36157 | Spider:1 | Found a frozen archway.
 36310 | IceCv    | Entered an ice cave
 36744 | IceCv    | Reached XP level 17. HP: 112/112 MP: 34/34
 37237 | IceCv    | Offered knowledge of Freezing Cloud by Vehumet.
 37866 | IceCv    | Reached skill level 13 in Ice Magic
 38557 | IceCv    | Got a slimy lapis lazuli ring
 38559 | IceCv    | Identified the cursed ring "Xysiwuno" {rF+ AC-4 Str+2
                  | Stlth+} (You found it in an ice cave)
 39771 | Spider:2 | Reached skill level 14 in Ice Magic
 39891 | Spider:2 | HP: 5/112 [ghost moth (9)]
 41820 | Shoals:1 | Entered Level 1 of the Shoals
 41820 | Shoals:1 | Noticed Jorgrun
 41833 | Shoals:1 | HP: 5/112 [harpy (3)]
 41833 | Shoals:1 | Slain by Jorgrun

Illustrated notes

Levels and vault maps discovered:
D:1:      dpeg_arrival_lava_altar, layout_rooms
D:2:      layout_rooms, nicolae_overflow_hidden_temple,
          nicolae_qazlal_general_emergency, first_ration, solitary_fountain,
          hangedman_abyss_or_decor_lesser_grid
D:3:      layout_loops_ring, okawaru_metal_pillars_3,
          nicolae_tso_swordbearing_angel, uniq_sigmund
D:4:      minmay_chambers_of_threes, layout_loops_corners, serial_shops, shop,
          minmay_misc_feat_columns, serial_park_tiny_pond
D:5:      layout_cave_pods, xom_teletrap_fun, minmay_diced_spiral
D:6:      wander_guarded_unrand_ratskin, layout_cave_pods,
          minmay_temple_entry_glass, lightli_sewer_entry_pipes
D:7:      layout_basic, kennysheep_mini, grunt_temple_overflow_open,
          grunt_ogre_cave, uniq_menkaure, uniq_maggie
D:8:      layout_loops_ring, lemuel_round_altar, special_room
          [special_room_orc], kennysheep_big_empty_room, patterned_corridor
D:9:      layout_basic, grunt_temple_overflow_gold_and_silver,
          hiddenorc1_lemuel, serial_shops, shop, uniq_prince_ribbit1,
          uniq_psyche
D:10:     layout_roguey, dpeg_oklobed_lair, minivault_27, uniq_sonja,
          uniq_joseph
D:11:     layout_rooms, serial_shops, nicolae_shop_crystal, nicolae_shop_stone
D:12:     layout_loops_ring, serial_shops, kennysheep_mini_moat,
          minmay_checkerbox, uniq_snorg, uniq_erolcha, uniq_kirke, uniq_maurice
D:13:     layout_gridville, ximxim_vaults_locker_room
D:14:     layout_gridville, serial_bayou_shore_b, hangedman_decor_riveting
D:15:     grunt_enter_depths_hoard, layout_irregular_city, serial_bayou_pond_c,
          minmay_misc_feat_pillars
Temple:   minmay_temple_curvy_loop
Lair:1:   layout_concentric_octagons, grunt_megastairs_5
Lair:2:   layout_cave_pods, serial_bayou_shore_b, grunt_megastairs_2
Lair:3:   layout_regular_city, dummy_spider_entry, lemuel_fruit_tree,
          serial_bayou_shore_b, minmay_lair_oklob_chamber
Lair:4:   minmay_lair_venomous_thicket, layout_hall_layers,
          minmay_shoals_entry_hut, st_stairs_7, serial_bayou_pond_b,
          uniq_nergalle
Lair:5:   layout_gridlike, dpeg_slime_entry_enclosed_altar, uniq_josephine
Lair:6:   hangedman_lair_caniforms_friends, layout_cave_pods,
          guppyfry_lair_end_dragon
Shoals:1: layout_shoals, serial_shops, shop,
          nicolae_shoals_water_elemental_grotto, uniq_jorgrun
Spider:1: layout_spider_delve, portal_ice_cave_entry_ice_statue_one,
          worms_lemuel
Spider:2: layout_chambers
Orc:1:    nicolae_orc_accident_3, layout_diamond_mine
Orc:2:    grunt_orc_cross, layout_caves

Skill      XL: |  1  2  3  4  5  6  7  8  9 10 11 12 13 14 15 16 17 |
---------------+----------------------------------------------------+-----
Ice Magic      | 5 7 8 9 12 14 | 14.7
Spellcasting   | 3 6 11 13 | 13.1
Translocations | 4 |  4.0
Summonings     | 5 |  5.4
Air Magic      | 3 |  3.0
Poison Magic   | 3 |  3.0
Evocations     | 2 |  2.6
Conjurations   | 2 6 |  6.7
Bows           | 6 11 13 | 13.1
Fighting       | 9 |  9.1
Dodging        | 6 12 13 | 13.3
Stealth        | |  2.6

Action                   |  1- 3 |  4- 6 |  7- 9 | 10-12 | 13-15 | 16-18 || total
-------------------------+-------+-------+-------+-------+-------+-------++-------
Melee: Unarmed           |    53 |    75 |    29 |       |       |       ||   157
       Constrict         |    17 |    22 |    62 |    34 |     4 |    14 ||   153
       Tentacles         |     7 |    15 |    42 |    36 |    10 |    22 ||   132
       Spear             |       |       |   223 |   189 |    34 |   135 ||   581
       Staff             |       |       |       |       |       |    10 ||    10
 Fire: Longbow           |       |       |       |    45 |   892 |   381 ||  1318
 Cast: Freeze            |    10 |     6 |     8 |    23 |    39 |     3 ||    89
       Frozen Ramparts   |     2 |    13 |    38 |    62 |    51 |    24 ||   190
       Summon Ice Beast  |       |       |    15 |    47 |    38 |    37 ||   137
       Hailstorm         |       |       |     6 |    51 |    50 |    28 ||   135
       Ozocubu's Armour  |       |       |     4 |     7 |     5 |     2 ||    18
       Mephitic Cloud    |       |       |       |     2 |     2 |       ||     4
       Ozocubu's Refrige |       |       |       |       |    60 |   138 ||   198
       Blink             |       |       |       |       |       |     4 ||     4
Evoke: Phial of floods   |       |       |       |       |     2 |       ||     2
       Wand              |       |       |       |       |     4 |     2 ||     6
  Use: Scroll            |       |       |       |    15 |    10 |    11 ||    36
       Potion            |       |       |       |     1 |     1 |       ||     2
 Stab: Sleeping          |     4 |     4 |    25 |    10 |     3 |     3 ||    49
       Distracted        |       |       |       |     1 |       |     3 ||     4
  Eat: Chunk             |     1 |     9 |    25 |    35 |    60 |    43 ||   173
       Ration            |       |       |     1 |     3 |       |     8 ||    12
Armor: Skin              |     7 |    10 |     9 |     4 |     7 |     3 ||    40
Dodge: Dodged            |    43 |    60 |   120 |   132 |   337 |   352 ||  1044
